Map: 2000 Atmospheres LE

Players

TeebuL - Winner!

  • Race: Protoss Protoss

Seither

  • Race: Terran Terran

Event: DreamHack SC2 Masters 2021 Fall

VOD

Have the link to the VOD?

Description

Time

  • Played on: July 29, 2021, 4:41 a.m.
  • Length: 10:28

All games in this series

Show
View Real Time Build Order
Export as new Build Order

TeebuL Protoss - Winner!

Build Orders: 1 Gate Expand, Phoenix Opening 

Get SALT Encoding   

  12  0:00  Probe  
  13  0:12  Probe  
  14  0:17  Pylon  
  14  0:24  Probe (Chrono Boost)  
  15  0:36  Probe (Chrono Boost)  
  15  0:37  Gateway  
  16  0:44  Probe (Chrono Boost)  
  16  0:45  Assimilator  
  17  0:51  Probe  
  18  1:03  Probe  
  19  1:15  Probe  
  20  1:23  Nexus  
  20  1:32  Cybernetics Core  
  20  1:34  Probe  
  20  1:39  Assimilator  
  21  1:47  Pylon  
  21  1:48  Probe  
  22  1:59  Probe  
  23  2:05  Adept (Chrono Boost)  
  23  2:07  Probe  
  26  2:15  Probe  
  26  2:18  Stargate  
  27  2:28  Adept, Probe (Chrono Boost)  
  30  2:33  Warp Gate  
  30  2:35  Probe (Chrono Boost)  
  33  2:44  Probe x2 (Chrono Boost)  
  33  2:47  Pylon  
  33  2:49  Probe (Chrono Boost)  
  33  2:51  Probe  
  35  3:01  Probe  
  35  3:02  Phoenix (Chrono Boost)  
  35  3:05  Probe  
  39  3:13  Probe  
  39  3:17  Probe  
  39  3:19  Adept  
  41  3:24  Shield Battery, Phoenix (Chrono Boost)  
  41  3:25  Probe  
  44  3:32  Probe  
  45  3:35  Shield Battery  
  45  3:37  Probe  
  46  3:44  Probe  
  47  3:49  Adept  
  47  3:50  Probe  
  47  3:52  Phoenix (Chrono Boost)  
  52  3:56  Probe  
  52  4:02  Probe  
  54  4:04  Pylon  
  54  4:08  Probe  
  54  4:12  Phoenix (Chrono Boost)  
  54  4:16  Nexus  
  54  4:19  Pylon  
  54  4:22  Probe x2  
  56  4:30  Gateway  
  56  4:31  Sentry  
  58  4:32  Gateway  
  58  4:36  Probe  
  59  4:39  Phoenix  
  59  4:40  Probe  
  62  4:48  Pylon, Probe  
  63  4:54  Assimilator, Probe  
  63  4:56  Assimilator  
  63  4:58  Twilight Council  
  64  5:00  Probe  
  64  5:06  Probe  
  66  5:13  Adept, Probe  
  69  5:18  Probe (Chrono Boost)  
  70  5:25  Probe (Chrono Boost)  
  71  5:29  Forge  
  71  5:30  Shield Battery, Probe (Chrono Boost)  
  71  5:31  Charge, Probe (Chrono Boost)  
  71  5:33  Robotics Facility  
  74  5:36  Probe (Chrono Boost)  
  74  5:39  Probe x2 (Chrono Boost)  
  74  5:41  Probe (Chrono Boost)  
  74  5:42  Adept x3  
  80  5:44  Probe (Chrono Boost)  
  80  5:45  Probe  
  83  5:51  Probe  
  83  5:56  Protoss Ground Weapons Level 1 (Chrono Boost), Probe  
  86  5:57  Probe  
  86  5:59  Gateway  
  86  6:00  Gateway  
  86  6:03  Probe  
  87  6:08  Probe  
  87  6:09  Probe  
  89  6:15  Probe  
  90  6:20  Probe  
  90  6:21  Probe  
  92  6:27  Probe  
  93  6:33  Pylon  
  93  6:34  Assimilator  
  93  6:35  Assimilator, Pylon  
  93  6:36  Pylon  
  93  6:42  Pylon  
  93  6:46  Gateway  
  93  6:48  Gateway  
  93  6:49  Gateway, Warp Prism  
  93  6:57  Templar Archives  
  93  6:58  Zealot x5  
  105  7:09  Gateway  
  105  7:10  Gateway  
  105  7:11  Pylon x2  
  105  7:18  Pylon  
  105  7:19  Pylon  
  105  7:27  Immortal (Chrono Boost)  
  105  7:29  Nexus  
  109  7:31  Pylon  
  109  7:36  Psionic Storm  
  105  7:37  Protoss Ground Weapons Level 2 (Chrono Boost)  
  105  7:44  Zealot x8  
  120  7:58  Immortal (Chrono Boost)  
  124  8:07  High Templar x2  
  124  8:08  High Templar x5  
  138  8:14  Probe x2, Robotics Bay  
  140  8:22  Archon  
  140  8:27  Zealot x3  
  146  8:40  Probe  
  147  8:44  Forge  
  147  8:47  Robotics Facility  
  147  8:53  Zealot x10  
  171  8:58  Disruptor (Chrono Boost)  
  168  9:30  Zealot x7  
  180  9:39  Zealot  
  168  9:56  Zealot x9  
  168  10:00  Archon x2  
  160  10:08  Zealot  
  160  10:12  Probe x2  
  160  10:13  Probe  
Show
View Real Time Build Order
Export as new Build Order

Seither Terran 

Build Orders: Liberator Opening 

Get SALT Encoding   

  12  0:00  SCV  
  13  0:12  SCV  
  14  0:17  Supply Depot  
  14  0:24  SCV  
  15  0:39  SCV  
  15  0:40  Barracks  
  16  0:44  Refinery  
  16  0:51  SCV  
  17  1:03  SCV  
  18  1:15  SCV  
  19  1:27  Marine  
  19  1:28  Orbital Command  
  20  1:50  Command Center  
  20  1:58  Factory  
  20  2:00  SCV  
  21  2:04  Barracks Reactor  
  21  2:12  Supply Depot  
  21  2:13  SCV  
  22  2:25  SCV  
  22  2:27  Refinery  
  23  2:38  SCV  
  24  2:47  Starport  
  24  2:49  Hellion x2  
  24  2:50  Marine, SCV  
  30  3:02  SCV  
  31  3:06  Orbital Command  
  31  3:14  SCV  
  31  3:18  Hellion x2  
  36  3:26  SCV  
  37  3:31  Barracks Tech Lab  
  37  3:34  SCV  
  40  3:40  SCV  
  41  3:47  SCV, Supply Depot  
  42  3:52  Liberator  
  43  3:58  Cyclone  
  46  4:05  Supply Depot  
  46  4:08  SCV x2  
  46  4:18  Marine x2  
  46  4:20  SCV x2  
  46  4:23  Command Center  
  44  4:31  Cyclone  
  47  4:33  SCV  
  47  4:34  SCV  
  47  4:36  Marine x2  
  48  4:47  Barracks  
  48  4:49  SCV x2, Barracks  
  50  4:54  Marine x2  
  50  4:58  Supply Depot  
  52  5:01  SCV x2  
  54  5:07  Siege Tank  
  54  5:13  SCV x2  
  54  5:14  Engineering Bay x2  
  59  5:18  Marine x2  
  61  5:25  SCV x2  
  63  5:33  Refinery  
  63  5:35  Refinery, Supply Depot, Orbital Command  
  63  5:37  SCV x2  
  65  5:45  Barracks Tech Lab, Starport  
  65  5:48  Terran Infantry Weapons Level 1  
  65  5:49  Terran Infantry Armor Level 1, SCV x2  
  67  5:50  Factory Reactor  
  67  6:01  SCV x2  
  67  6:02  Marine  
  67  6:03  Marine, Stimpack, Marauder  
  73  6:13  Barracks  
  73  6:14  Barracks  
  73  6:15  Supply Depot  
  73  6:21  SCV x2  
  73  6:24  Missile Turret  
  75  6:32  Orbital Command  
  72  6:33  Combat Shield  
  72  6:34  Marine x2, Marauder x2  
  72  6:37  SCV x2  
  72  6:39  Factory Reactor  
  80  6:41  Missile Turret  
  80  6:43  Medivac  
  80  6:44  Medivac  
  84  6:49  SCV x2  
  84  6:52  Supply Depot  
  84  6:53  Marine x2  
  88  6:59  SCV  
  89  7:01  SCV  
  89  7:02  SCV  
  89  7:04  Barracks Reactor  
  89  7:05  Barracks Tech Lab  
  91  7:11  Marauder x2  
  91  7:12  Supply Depot  
  95  7:17  Medivac  
  95  7:18  Medivac  
  95  7:19  Widow Mine x2  
  95  7:20  SCV x2  
  95  7:22  Marine x2  
  107  7:23  Supply Depot  
  107  7:28  Supply Depot  
  106  7:31  Armory  
  106  7:39  Marauder x3  
  106  7:41  SCV x2  
  106  7:42  Supply Depot  
  106  7:43  Missile Turret  
  114  7:44  Supply Depot  
  114  7:45  Refinery  
  114  7:46  Refinery  
  114  7:47  Supply Depot  
  114  7:50  Supply Depot  
  114  7:51  Widow Mine x2  
  118  7:52  Marine  
  118  7:53  Marine  
  118  7:56  SCV  
  118  7:57  SCV x2  
  121  8:06  Marauder x3  
  121  8:07  Liberator x2  
  121  8:12  SCV x3  
  136  8:15  Ghost Academy  
  136  8:21  Missile Turret  
  136  8:22  Supply Depot  
  136  8:26  Marine x3  
  138  8:27  Marine  
  138  8:28  Widow Mine x2  
  138  8:34  SCV x3  
  146  8:37  Supply Depot  
  146  8:38  Supply Depot  
  147  8:46  Ghost x3  
  147  8:47  Enhanced Shockwaves  
  153  8:50  Marine x2  
  153  8:51  Marine x2  
  157  9:07  Command Center  
  156  9:14  Supply Depot  
  156  9:15  Ghost x2  
  160  9:17  Missile Turret  
  150  9:37  Marine x3  
  150  9:38  Marauder  
  141  9:44  Marauder x2  
  131  9:49  Marine  
  119  9:53  Widow Mine x2  
  119  9:55  Marine  
  119  9:59  Marauder  
  106  10:00  Marine x2  
  106  10:05  Marauder  
  97  10:07  Marine  

Tags
 
Add a new tag
Caveats
  • Supply blocks, unpowered buildings, or Contaminate may cause inaccurate times.
  • Supply counts are checked every 10 seconds.